 Dungeon Sprint DCSS version 0.21-a0-400-g417d9d2 (webtiles) character file.

271 Amnesiac the Geomancer (level 6, 41/41 HPs)
             Began as a Demonspawn Earth Elementalist on Oct 20, 2017.
             Quit the game in the Dungeon (Sprint I: "Red Sonja").
             The game lasted 00:01:16 (282 turns).

Amnesiac the Geomancer (DsEE)                        Turns: 282, Time: 00:01:17

Health: 41/41      AC:  4    Str:  9    XL:     6   Next: 2%
Magic:  5/15       EV: 12    Int: 18    God:
Gold:   0          SH:  0    Dex: 13    Spells: 6/18 levels left

rFire    . . .     SeeInvis .   (no weapon)
rCold    . . .     Gourm    .   (no shield)
rNeg     . . .     Faith    .   c - +0 robe
rPois    .         Spirit   .   (no helmet)
rElec    .         Reflect  .   (no cloak)
rCorr    .         Harm     .   (no gloves)
MR       .....     NoTele   +   (no boots)
Stlth    ++........             (no amulet)
HPRegen  0.13/turn              (no ring)
MPRegen  0.14/turn              (no ring)

@: no status effects
A: talons 1, slimy green scales 1, powered by death 2
a: no special abilities


You were in the Dungeon.
You were not hungry.

You visited 1 branch

Inventory:

Hand Weapons
 a - a +0 dagger of holy wrath
Missiles
 b - 20 stones (quivered)
Armour
 c - a +0 robe (worn)
Scrolls
 j - a scroll of blinking {!r}
Potions
 f - a potion of heal wounds {!q}
 g - a potion of haste {!q}
 h - 2 potions of magic {!q}
Books
 k - a book of Geomancy

   Spells                             Type                      Level
   a - Sandblast                      Earth                        1
   b - Passwall                       Transmutation/Earth          2
   c - Stone Arrow                    Conjuration/Earth            3
   d - Petrify                        Transmutation/Earth          4
   e - Lee's Rapid Deconstruction     Earth                        5
Comestibles
 d - a bread ration


   Skills:
 - Level 1.7 Dodging
 - Level 1.7 Stealth
 + Level 6.7 Spellcasting
 - Level 0.8 Transmutations
 * Level 9.9 Earth Magic


You had 6 spell levels left.
You knew the following spells:

 Your Spells              Type           Power        Failure   Level  Hunger
a - Sandblast             Erth           #####.       1%          1    None
b - Passwall              Tmut/Erth      ####......   1%          2    None
d - Lee's Rapid Deconstr  Erth           #####.....   5%          5    #####..
e - Petrify               Tmut/Erth      ####....     12%         4    ####...


Dungeon Overview and Level Annotations

Branches:
Dungeon (1/1)

Altars:


Innate Abilities, Weirdness & Mutations

You have sharp toenails.
You are partially covered in slimy green scales. (AC +2)
You regenerate health from kills.


Message History

You start resting.
Magic restored.
There is an open door here.
Things that are here:
a giant club; an ogre corpse
Casting: Sandblast
Confirm with . or Enter, or press ? or * to list all spells.
Okay, then.
You open the door.
Sigmund the Dreaded comes into view.
He is wielding a scythe.
Casting: Sandblast
Confirm with . or Enter, or press ? or * to list all spells.
Aiming: Sandblast
Press: ? - help, Shift-Dir - straight line, f - Sigmund
Aim: Sigmund, wielding a scythe and wearing a robe (resting)
The blast of sand hits Sigmund.
Sigmund is moderately wounded.
Sigmund shouts!
b - 23 stones Sigmund drinks a potion.
Sigmund suddenly seems more agile.
Casting: Sandblast
Confirm with . or Enter, or press ? or * to list all spells.
Aiming: Sandblast
Press: ? - help, Shift-Dir - straight line, f/p - Sigmund
Aim: Sigmund, wielding a scythe and wearing a robe (moderately wounded, unusually agile)
The blast of sand hits Sigmund.
Sigmund is heavily wounded.
b - 22 stones
Casting: Sandblast
Confirm with . or Enter, or press ? or * to list all spells.
Aiming: Sandblast
Press: ? - help, Shift-Dir - straight line, f/p - Sigmund
Aim: Sigmund, wielding a scythe and wearing a robe (heavily wounded, unusually agile)
The blast of sand hits Sigmund.
Sigmund is almost dead.
b - 21 stones Sigmund gestures wildly while chanting.
Sigmund flickers and vanishes!
Deactivating autopickup; reactivate with Ctrl-A.
Casting: Sandblast
Confirm with . or Enter, or press ? or * to list all spells.
You can't see any susceptible monsters within range! (Use Z to cast anyway.)
Casting: Sandblast
Confirm with . or Enter, or press ? or * to list all spells.
Aiming: Sandblast
Press: ? - help, Shift-Dir - straight line The blast of sand hits something.
Reactivating autopickup.
Your Spellcasting skill gained 2 levels and is now at level 6!
Your Earth Magic skill gained 2 levels and is now at level 9!
You have reached level 5!
Your demonic ancestry asserts itself...
Slimy green scales grow over part of your body.
You have reached level 6!
Your experience leads to an increase in your attributes!
Increase (S)trength, (I)ntelligence, or (D)exterity?
You feel clever.
Your demonic ancestry asserts itself...
The wave of death grows in power.
You feel a bit more experienced.
b - 20 stones Memorise Lee's Rapid Deconstruction, consuming 5 spell levels and leaving 6?
You start memorising the spell.
You continue memorising. x5
You finish memorising.
Spell assigned to 'd'.
Are you sure you want to abandon this character and quit the game? (Confirm with "yes".)

########## ##
#<.#..)..#..+
#..[..#.@').#
#..#####+####
#..# #..#
#..# #⌠⌠#
####


There were no monsters in sight!

Vanquished Creatures
  Sigmund (D)
  An ogre (D)
  Ijyb (D)
3 creatures vanquished.

Notes
Turn   | Place    | Note
-------+----------+-------------------------------------------
     0 | D        | Amnesiac the Demonspawn Earth Elementalist began the quest for the Orb.
     0 | D        | Reached XP level 1. HP: 13/13 MP: 3/3
     1 | D        | Noticed Ijyb
    10 | D        | Killed Ijyb
    10 | D        | Reached skill level 5 in Earth Magic
    10 | D        | Gained mutation: You regenerate a little health from kills. [demonic ancestry]
    10 | D        | Reached XP level 2. HP: 7/19 MP: 0/5
   216 | D        | Noticed an ogre
   219 | D        | Killed an ogre
   219 | D        | Reached skill level 7 in Earth Magic
   219 | D        | Gained mutation: You have sharp toenails. [demonic ancestry]
   219 | D        | Reached XP level 3. HP: 24/24 MP: 2/9
   219 | D        | Reached XP level 4. HP: 30/30 MP: 2/10
   223 | D        | Learned a level 2 spell: Passwall
   228 | D        | Learned a level 4 spell: Petrify
   271 | D        | Noticed Sigmund
   275 | D        | Killed Sigmund
   275 | D        | Reached skill level 9 in Earth Magic
   275 | D        | Gained mutation: You are partially covered in slimy green scales. (AC +2) [demonic ancestry]
   275 | D        | Reached XP level 5. HP: 35/35 MP: 4/14
   275 | D        | Gained mutation: You regenerate health from kills. [demonic ancestry]
   275 | D        | Reached XP level 6. HP: 41/41 MP: 4/15
   282 | D        | Learned a level 5 spell: Lee's Rapid Deconstruction
   282 | D        | Quit the game

Vault maps used:
D:        dungeon_sprint_1

Skill      XL: |  1  2  3  4 |
---------------+-------------+-----
Earth Magic    | 5 7 9 |  9.9
Spellcasting   | 4 6 |  6.7
Dodging        | |  1.7
Stealth        | |  1.7
Transmutations | |  0.8

Action                   |  1- 3 |  4- 6 || total
-------------------------+-------+-------++-------
Melee: Unarmed           |     4 |       ||     4
 Cast: Sandblast         |     5 |     5 ||    10
  Use: Potion            |     2 |       ||     2
Armor: Robe              |     1 |       ||     1

Table legend:
 A = Spawn XP
 B = Non-spawn XP
 C = Spawn XP percentage of total XP
 D = Spawn monster count
 E = Non-spawn monster count
 F = Spawn count percentage of total count
 G = Total turns spent on level
                    A         B        C        D         E        F      G
               +---------+---------+-------+---------+---------+-------+---------
         Total |       0 |     388 |   0.0 |       0 |       3 |   0.0 |   282
               +---------+---------+-------+---------+---------+-------+---------
             D |       0 |     388 |   0.0 |       0 |       3 |   0.0 |   282
               +---------+---------+-------+---------+---------+-------+---------
